 Dungeon Crawl Stone Soup version 0.27-a0-1189-gb8eb6cee8e (webtiles) character file.

Game seed: 16874628712342755691

225 bisexualwizard the Cudgeller (level 6, -9/62 HPs)
             Began as an Ogre Gladiator on May 22, 2021.
             Mangled by a wyvern (15 damage)
             ... on level 4 of the Dungeon.
             The game lasted 00:04:54 (3985 turns).

bisexualwizard the Cudgeller (Ogre Gladiator)       Turns: 3985, Time: 00:04:54

Health: -9/62      AC:  3    Str: 21    XL:     6   Next: 1%
Magic:  6/6        EV: 10    Int: 11    God:
Gold:   170        SH:  0    Dex: 10    Spells: 5/5 levels left

rFire    . . .     SeeInvis .   a - +0 flail
rCold    . . .     Faith    .   (no shield)
rNeg     . . .     Spirit   .   b - +0 robe
rPois    .         Reflect  .   c - +0 hat
rElec    .         Harm     .   (no cloak)
rCorr    .         Rampage  .   (gloves unavailable)
Will     .....                  (boots unavailable)
Stlth    +.........             (no amulet)
HPRegen  0.20/turn              (no ring)
MPRegen  0.10/turn              (no ring)

@: no status effects
A: large, unfitting armour, tough skin 1, strong 1
a: no special abilities


You were on level 4 of the Dungeon.
You visited 1 branch of the dungeon, and saw 4 of its levels.

You collected 170 gold pieces.

Inventory:

Hand Weapons
 a - a +0 flail (weapon)
Missiles
 d - 3 throwing nets
 q - 10 poisoned darts (quivered)
Armour
 b - a +0 robe (worn)
 c - a +0 hat (worn)
Jewellery
 o - a ring of protection from fire
Wands
 t - a wand of charming (9)
Scrolls
 e - a scroll of noise {unknown}
 f - 2 scrolls of fog {unknown}
 h - a scroll of brand weapon {unknown}
 i - a scroll of immolation {unknown}
 j - 4 scrolls of identify {unknown}
 k - a scroll of torment {unknown}
 l - a scroll of amnesia {unknown}
 m - a scroll of blinking {unknown}
 r - a scroll of magic mapping {unknown}
Potions
 n - a potion of curing
 p - a potion of heal wounds {unknown}
 s - a potion of magic {unknown}


   Skills:
 + Level 3.8 Fighting
 * Level 5.2 Maces & Flails
 - Level 2.0 Throwing
 + Level 3.2 Dodging
 - Level 0.1 Stealth


You had 5 spell levels left.
You didn't know any spells.
Your spell library was empty.

Dungeon Overview and Level Annotations

Branches:
Dungeon (4/15)
 Temple: D:4-7

Altars:
Cheibriados


Innate Abilities, Weirdness & Mutations

You are too large for most types of armour.
You have tough skin. (AC +1)
Your muscles are strong. (Str +2)


Message History

Found a long glass wand.
You sock the scorpion!
The scorpion is severely wounded.
The scorpion stings you but does no damage.
You hit the scorpion.
The scorpion is almost dead.
The scorpion stings you!
You are poisoned.
The scorpion poisons you! The scorpion stings you.
You are more poisoned.
The scorpion poisons you!
It was a potion of curing.
You feel better. The scorpion closely misses you.
You thump the scorpion!
You kill the scorpion!
Your Maces & Flails skill increases to level 5!
You have reached level 6!
Your experience leads to an increase in your attributes!
Increase (S)trength, (I)ntelligence, or (D)exterity?
You feel clever.
You feel stronger.
You see here a scorpion corpse.
t - a wand of charming (9)
You now have 170 gold pieces (gained 17).
A wyvern comes into view.
A wyvern is nearby!
The wyvern hisses angrily.
The wyvern misses you.
You hit the wyvern.
The wyvern is lightly wounded.
The wyvern bites you!
You hit the wyvern.
The wyvern is moderately wounded.
The wyvern bites you! x2
You are too injured to fight recklessly!
You are too injured to fight recklessly!
The wyvern bites you!
* * * LOW HITPOINT WARNING * * *
It was a potion of mutation.
You feel extremely strange.
You feel stronger. The wyvern bites you!
You die...

######################
.....................#
################@###.#
.....)..........l....#
##........######..####
...........# .....
##.........# ##..###
#.........# ....
#.........# # #..##
#.........#.# #...
###.#.###.#.#.#...


You could see a wyvern.

Vanquished Creatures
  A scorpion (D:4)
  A centaur skeleton (D:4)
  Jessica (D:3)
  4 adders
  3 worms
  5 dart slugs
  An orc (D:4)
  7 bats
  6 endoplasms
  2 giant cockroaches
  5 goblins
  5 hobgoblins
  3 kobolds (D:1)
  2 quokkas
  5 ball pythons
  9 rats
60 creatures vanquished.

Notes
Turn   | Place    | Note
-------+----------+-------------------------------------------
     0 | D:1      | bisexualwizard the Ogre Gladiator began the quest for the
                  | Orb.
     0 | D:1      | Reached XP level 1. HP: 22/22 MP: 1/1
   361 | D:1      | Reached skill level 3 in Maces & Flails
   383 | D:1      | Reached XP level 2. HP: 3/29 MP: 2/2
  1117 | D:1      | Reached XP level 3. HP: 34/37 MP: 3/3
  1222 | D:1      | Found a faded altar of an unknown god.
  1717 | D:2      | Found a snail-covered altar of Cheibriados.
  2484 | D:3      | Reached XP level 4. HP: 45/45 MP: 4/4
  2498 | D:3      | Reached skill level 4 in Maces & Flails
  2780 | D:3      | Noticed Jessica
  2790 | D:3      | Killed Jessica
  3319 | D:3      | Reached XP level 5. HP: 51/53 MP: 5/5
  3925 | D:4      | Reached skill level 5 in Maces & Flails
  3925 | D:4      | Reached XP level 6. HP: 62/62 MP: 6/6
  3979 | D:4      | Noticed a wyvern
  3985 | D:4      | Gained mutation: Your muscles are strong. (Str +2) [potion
                  | of mutation]
  3985 | D:4      | Mangled by a wyvern

Illustrated notes

Levels and vault maps discovered:
D:1:      dpeg_arrival_simpleton_c, layout_loops_ring,
          shapermc_ecumenical_altar_flowoftime, minmay_tetromino_i4
D:2:      layout_basic, basic_altar
D:3:      layout_basic, uniq_jessica
D:4:      layout_basic, nicolae_overflow_crystal_walls

Skill      XL: |  1  2  3  4  5 |
---------------+----------------+-----
Maces & Flails | 3 4 5 |  5.2
Fighting       | 3 |  3.8
Dodging        | 3 |  3.2
Throwing       | |  2.0
Stealth        | |  0.1

Action                   |  1- 3 |  4- 6 || total
-------------------------+-------+-------++-------
Melee: Flail             |   124 |    84 ||   208
  Use: Potion            |       |     2 ||     2
 Stab: Sleeping          |       |     1 ||     1
Armor: Robe              |    36 |    29 ||    65
Dodge: Dodged            |    71 |    57 ||   128

Table legend: (Time is in decaauts)
 A = Elapsed time spent in this place.
 B = Non-inter-level travel time spent in this place.
 C = Inter-level travel time spent in this place.
 D = Time resting spent in this place.
 E = Time spent auto-exploring this place.
 F = Levels seen in this place.
 G = Mean time per level.
                   A        B        C        D        E       F      G
               +--------+--------+--------+--------+--------+-----+--------+
         Total |   4029 |   3923 |    106 |    635 |   2798 |   4 | 1007.2 |
       Dungeon |   4029 |   3923 |    106 |    635 |   2798 |   4 | 1007.2 |
               +--------+--------+--------+--------+--------+-----+--------+

Top non-repeatable levels by time:
     D:1: 1648 daAuts
     D:3: 963 daAuts
     D:2: 823 daAuts
     D:4: 594 daAuts
